 Dungeon Crawl Stone Soup version 0.28.0-53-g5a82cb258f (webtiles) character file.

Game seed: 8591423563126617908

86 Gabide the Bolt Thrower (level 4, 0/34 HPs)
             Began as a Barachi Hunter on May 22, 2022.
             Was a Follower of Vehumet.
             Slain by a kobold
             ... wielding a +0 short sword
              (2 damage)
             ... on level 1 of the Dungeon.
             The game lasted 00:03:03 (1752 turns).

Gabide the Bolt Thrower (Barachi Hunter)            Turns: 1752, Time: 00:03:03

Health: 0/34       AC:  3    Str: 13    XL:     4   Next: 49%
Magic:  4/4        EV: 12    Int: 12    God:    Vehumet [*.....]
Gold:   99         SH:  0    Dex: 14    Spells: 2/3 levels left

rFire   . . .      SeeInvis .   b - +0 short sword
rCold   + . .      Faith    .   (no shield)
rNeg    . . .      Spirit   .   c - +0 leather armour
rPois   .          Reflect  .   (no helmet)
rElec   .          Harm     .   (no cloak)
rCorr   .          Rampage  .   (no gloves)
Will    .....                   (no boots)
Stlth   +.........              (no amulet)
HPRegen 0.11/turn               m - ring of protection from cold
MPRegen 0.09/turn               (no ring)

@: unable to hop, slow
A: amphibious, slowness 1, strong legs 1, +LOS
a: Hop, Renounce Religion


You were on level 1 of the Dungeon.
You worshipped Vehumet.
Vehumet was aware of your devotion.
You visited 1 branch of the dungeon, and saw 2 of its levels.

You collected 99 gold pieces.

Inventory:

Hand Weapons
 a - a +1 hand crossbow
 b - a +0 short sword (weapon)
Armour
 c - a +0 leather armour (worn)
Jewellery
 m - a ring of protection from cold (left hand)
Scrolls
 g - a scroll of noise {unknown}
 h - 2 scrolls of enchant armour {unknown}
 i - a scroll of amnesia {unknown}
 l - a scroll of acquirement {unknown}
Potions
 e - 2 potions of ambrosia {unknown}
 f - 2 potions of curing {unknown}
 j - 2 potions of heal wounds {unknown}
 k - a potion of degeneration {unknown}
 n - a potion of lignification {unknown}


   Skills:
 - Level 2.4 Fighting
 + Level 5.8 Crossbows
 - Level 2.1 Dodging
 - Level 0.8 Stealth


You had 2 spell levels left.
You knew the following spells:

 Your Spells              Type           Power      Damage    Failure   Level
a - Freeze                Ice            0%         1d3       38%         1

Your spell library contained the following spells:

 Spells                   Type           Power      Damage    Failure   Level


Dungeon Overview and Level Annotations

Branches:
Dungeon (2/15)

Altars:
Vehumet

Annotations:
D:2 Robin


Innate Abilities, Weirdness & Mutations

You are amphibious.
You cover ground slowly.
You can hop short distances.
You have an extended range of vision and can be seen from far away.


Message History

A goblin comes into view. It is wielding a +0 dagger.
The kobold misses you.
The goblin moves out of view.
The goblin shouts!
The goblin no longer looks unusually strong.
Robin roars a battlecry!
The goblin goes into a battle-frenzy!
Robin throws the goblin at you! The kobold closely misses you.
The goblin hits you with a +0 dagger.
There is a stone staircase leading up, spattered with blood here.
The kobold closely misses you. The goblin hits you but does no damage.
You climb upwards.
There is a stone staircase leading down here.
You shoot a bolt. The bolt closely misses the kobold.
The kobold hits you with a +0 short sword.
The goblin barely misses you.
You are too injured to fight recklessly!
Fire: bolt
Press: ? - help, Q - select action, (/) - cycle Shift-Dir - straight line, f - goblin, p - kobold
Aim: a goblin, wielding a +0 dagger (strong, 60% to hit)
You shoot a bolt. The bolt barely misses the goblin.
The kobold misses you. The goblin hits you with a +0 dagger.
b - a +0 short sword (weapon)
The kobold hits you with a +0 short sword.
* * * LOW HITPOINT WARNING * * *
The goblin misses you.
You hit the goblin.
You kill the goblin!
Vehumet accepts your kill. The kobold closely misses you.
The kobold hits you with a +0 short sword.
* * * LOW HITPOINT WARNING * * *
You see here a +0 dagger.
You hit the kobold but do no damage. The kobold closely misses you.
You closely miss the kobold.
The kobold hits you with a +0 short sword.
* * * LOW HITPOINT WARNING * * *
You barely miss the kobold.
The kobold hits you with a +0 short sword.
You die...

#.###...........'.# #.#
#...........#.. #.#
#...........###
#.###...........###
#...#...........#..
####...#.....#.....#..
#..#...#...........#..
####♣.♣K..#...........#..
#......>@(#...........###
#.#.♣.♣.♣.#...........###
#.###.....#...........#..
#.#.♣.♣.♣.###############
#.#.#.#.#.# #......#
#.#.#.#.#.# #......#
#.#.#.#.#.# ###..###
#.#...#.#.#########..#
#.#.....#............##


You could see a kobold.

Vanquished Creatures
  3 gnolls (D:2)
  A worm (D:2)
  A dart slug (D:1)
  6 ball pythons
  3 bats
  4 endoplasms
  2 giant cockroaches (D:1)
  6 goblins
  9 hobgoblins
  4 jackals (D:1)
  A quokka (D:2)
  A frilled lizard (D:1)
  A kobold (D:2)
  5 rats
47 creatures vanquished.

Vanquished Creatures (others)
  3 plants (D:1)
3 creatures vanquished.

Grand Total: 50 creatures vanquished

Notes
Turn   | Place    | Note
-------+----------+-------------------------------------------
     0 | D:1      | Gabide the Barachi Hunter began the quest for the Orb.
     0 | D:1      | Reached XP level 1. HP: 17/17 MP: 1/1
    65 | D:1      | Reached XP level 2. HP: 23/23 MP: 2/2
   425 | D:1      | Reached XP level 3. HP: 28/28 MP: 3/3
   453 | D:1      | Reached skill level 5 in Crossbows
  1469 | D:2      | Reached XP level 4. HP: 34/34 MP: 4/4
  1663 | D:2      | Found a faded altar of an unknown god.
  1688 | D:2      | Prayed at the altar of an unknown god.
  1688 | D:2      | Became a worshipper of Vehumet
  1688 | D:2      | Reached * piety under Vehumet
  1688 | D:2      | Offered knowledge of Freeze by Vehumet.
  1691 | D:2      | Learned a level 1 spell: Freeze
  1721 | D:2      | Noticed Robin
  1752 | D:1      | Slain by a kobold

Illustrated notes

Levels and vault maps discovered:
D:1:      kennysheep_arrival_seaside, layout_basic, serial_forest,
          infiniplex_forest_lined_corner, infiniplex_forest_lined_2,
          infiniplex_forest_clump_curved, infiniplex_forest_lined_1,
          infiniplex_forest_lined_4_way, infiniplex_forest_3_way,
          infiniplex_forest_lined_3, st_stairs_11, kennysheep_small_spiral
D:2:      layout_loops_ring, hellmonk_ecumenical_altar_run_dry, uniq_robin

Skill      XL: |  1  2  3 |
---------------+----------+-----
Crossbows      | 5 |  5.8
Fighting       | |  2.4
Dodging        | |  2.1
Stealth        | |  0.8

Action                   |  1- 3 |  4- 6 || total
-------------------------+-------+-------++-------
Melee: Short sword       |       |     4 ||     4
 Fire: Hand crossbow     |    81 |    18 ||    99
 Abil: Hop               |       |     1 ||     1
Armor: Leather armour    |     7 |     1 ||     8
Dodge: Dodged            |    14 |    11 ||    25
